 Dungeon Crawl Stone Soup version 0.26-a0-863-g3bff4b215c (webtiles) character file.

Game seed: 8807580410760772097

114 dickylongcocking the Insei (level 4, 0/42 HPs)
             Began as an Octopode Transmuter on Nov 25, 2020.
             Succumbed to an adder's poison
             ... on level 1 of the Dungeon.
             The game lasted 00:01:08 (1216 turns).

dickylongcocking the Insei (Octopode Transmuter)    Turns: 1216, Time: 00:01:09

Health: 0/42       AC: 22    Str:  9    XL:     4   Next: 98%
Magic:  7/7        EV:  2    Int: 16    God:
Gold:   44         SH:  0    Dex: 12    Spells: 6/7 levels left

rFire    . . .     SeeInvis .     - Unarmed
rCold    . . .     Faith    .   (no shield)
rNeg     + + +     Spirit   .   (helmet currently unavailable)
rPois    +         Reflect  .   (no amulet)
rElec    .         Harm     .   (no ring)
rCorr    .         Rampage  .   (no ring)
MR       .....     NoTele   +   (no ring)
Stlth    +.........             (no ring)
HPRegen  0.14/turn              (no ring)
MPRegen  0.10/turn              (no ring)
                                (no ring)
                                (no ring)

@: lethally poisoned (0 -> -2), tree-form
A: almost no armour, stealthy swim, (amphibious), 8 rings, (constrict 8)
a: no special abilities


You were on level 1 of the Dungeon.
You were a tree.
You visited 1 branch of the dungeon, and saw 2 of its levels.

You collected 44 gold pieces.

Inventory:

Jewellery
 h - an uncursed ring of positive energy {unknown}
Scrolls
 a - a scroll of enchant armour {unknown}
 c - 2 scrolls of fog {unknown}
 d - a scroll of remove curse {unknown}
 f - 2 scrolls of identify {unknown}
 g - a scroll of fear {unknown}


   Skills:
 * Level 1.0 Fighting
 - Level 2.0 Dodging
 * Level 5.4 Unarmed Combat
 - Level 2.0 Spellcasting
 * Level 2.0 Transmutations


You had 6 spell levels left.
You knew the following spells:

 Your Spells              Type           Power        Failure   Level
a - Beastly Appendage     Tmut           #.....       9%          1

Your spell library contained the following spells:

 Spells                   Type           Power        Failure   Level
 Wereblood                Tmut           #.......     14%         2
 Spider Form              Tmut/Pois      #.........   38%         3
 Ice Form                 Ice/Tmut       #.......     80%         4
 Blade Hands              Tmut           #.........   94%         5


Dungeon Overview and Level Annotations

Branches:
Dungeon (2/15)

Altars:


Innate Abilities, Weirdness & Mutations

You cannot wear most types of armour.
You are very stealthy in the water. (Stealth+)
((You are amphibious.))
You can wear up to eight rings at the same time.
((You can use your tentacles to constrict eight enemies at once.))
((Your skin changes colour to match your surroundings (Stealth+).))
((Your rubbery body absorbs attacks. (AC +1, EV +1)))


Message History

Unknown command.
You hit the hobgoblin.
You kill the hobgoblin!
* * * LOW HITPOINT WARNING * * *
You feel sick.
The giant cockroach bites you but does no damage.
You cannot move.
Unknown command.
You hit the giant cockroach.
The giant cockroach is severely wounded.
The giant cockroach bites you but does no damage.
You hit the giant cockroach.
You kill the giant cockroach!
You cannot move.
There is a lethal amount of poison in your body!
There is a lethal amount of poison in your body!
Unknown command.
You aren't carrying any potions.
Unknown command.
You die...

#..# ##...##.......#.#.# #.##
#..#..###....##.#.# #.##
##..#..###.......... #..##
###..###.(####.....)..
##...####.#.##.##.####...#.##.
#.......'##.#...#.##..........
##...#####.##...##.###...####.
#..## #.##.^)..##.##..## #.
#.## #....♣..##..##.)#####.
##.## ####...#....##........
##...# ##+##.##.###.######
#....# #.##.##.# #.# #....#
#.##.##.###)# #.####
##.##.#......# #.######
##...#.#..#####
#......#####.........#
#...................##


There were no monsters in sight!

Vanquished Creatures
  A sky beast (D:2)
  A leopard gecko (D:1)
  3 bats (D:1)
  4 giant cockroaches (D:1)
  2 goblins (D:1)
  3 hobgoblins (D:1)
  2 jackals (D:2)
  3 rats
19 creatures vanquished.

Notes
Turn   | Place    | Note
-------+----------+-------------------------------------------
     0 | D:1      | dickylongcocking the Octopode Transmuter began the quest
                  | for the Orb.
     0 | D:1      | Reached XP level 1. HP: 13/13 MP: 3/3
   377 | D:1      | Reached XP level 2. HP: 18/18 MP: 5/5
   985 | D:2      | Noticed a sky beast
  1011 | D:2      | Killed a sky beast
  1012 | D:2      | Reached skill level 5 in Unarmed Combat
  1012 | D:2      | Reached XP level 3. HP: 17/23 MP: 6/6
  1012 | D:2      | Reached XP level 4. HP: 21/28 MP: 7/7
  1210 | D:1      | HP: 1/28 [poisoned by an adder]
  1216 | D:1      | Succumbed to an adder's poison

Illustrated notes

Levels and vault maps discovered:
D:1:      dpeg_arrival_simpleton_a, layout_loops_corners
D:2:      layout_rooms, old_standard_altar, nemelex_spade_bored_becter,
          uniq_sigmund

Skill      XL: |  1  2 |
---------------+-------+-----
Unarmed Combat | 5 |  5.4
Fighting       | |  1.0
Dodging        | |  2.0
Spellcasting   | |  2.0
Transmutations | |  2.0

Action                   |  1- 3 |  4- 6 || total
-------------------------+-------+-------++-------
Melee: Unarmed           |    48 |    13 ||    61
       Constrict         |    11 |     2 ||    13
       Tentacles         |     6 |     2 ||     8
       Kick              |       |     1 ||     1
 Cast: Beastly Appendage |       |     1 ||     1
  Use: Potion            |     2 |     1 ||     3
 Stab: Sleeping          |     6 |       ||     6
Armor: Skin              |    19 |     7 ||    26
Dodge: Dodged            |    25 |    12 ||    37

Table legend: (Time is in decaauts)
 A = Elapsed time spent in this place.
 B = Non-inter-level travel time spent in this place.
 C = Inter-level travel time spent in this place.
 D = Time resting spent in this place.
 E = Time spent auto-exploring this place.
 F = Levels seen in this place.
 G = Mean time per level.
                   A        B        C        D        E       F      G
               +--------+--------+--------+--------+--------+-----+--------+
         Total |   1212 |   1160 |     52 |    146 |    829 |   2 |  606.0 |
       Dungeon |   1212 |   1160 |     52 |    146 |    829 |   2 |  606.0 |
               +--------+--------+--------+--------+--------+-----+--------+

Top non-repeatable levels by time:
     D:1: 1125 daAuts
     D:2: 87 daAuts
